 Dungeon Crawl Stone Soup version 0.26-a0-466-g989023bd0d (webtiles) character file.

Game seed: 3441033412276244151

5 vurker the Chucker (level 1, -1/18 HPs)
             Began as a Minotaur Hunter on Aug 10, 2020.
             Slain by a hobgoblin (2 damage)
             ... on level 1 of the Dungeon.
             The game lasted 00:00:14 (109 turns).

vurker the Chucker (Minotaur Hunter)                 Turns: 109, Time: 00:00:15

Health: -1/18      AC:  3    Str: 16    XL:     1   Next: 66%
Magic:  0/0        EV: 12    Int:  8    God:
Gold:   17         SH:  0    Dex: 10    Spells: 0/0 levels left

rFire    . . .     SeeInvis .   a - +0 short sword
rCold    . . .     Faith    .   (no shield)
rNeg     . . .     Spirit   .   b - +0 leather armour
rPois    .         Reflect  .   (helmet restricted)
rElec    .         Harm     .   (no cloak)
rCorr    .                      (no gloves)
MR       .....                  (no boots)
Stlth    +.........             (no amulet)
HPRegen  0.06/turn              (no ring)
MPRegen  0.07/turn              (no ring)

@: no status effects
A: retaliatory headbutt, horns 2
a: no special abilities


You were on level 1 of the Dungeon.
You visited 1 branch of the dungeon, and saw 1 of its levels.

You collected 17 gold pieces.

Inventory:

Hand Weapons
 a - a +0 short sword (weapon)
Missiles
 c - 6 javelins (quivered)
 d - 2 throwing nets
Armour
 b - a +0 leather armour (worn)
Potions
 e - a potion of flight {unknown}


   Skills:
 + Level 2.8 Fighting
 + Level 4.1 Throwing
 - Level 2.1 Dodging
 - Level 0.7 Stealth


You couldn't memorise any spells.
You didn't know any spells.
Your spell library was empty.

Dungeon Overview and Level Annotations

Branches:
Dungeon (1/15)

Altars:


Innate Abilities, Weirdness & Mutations

You reflexively headbutt those who attack you in melee.
You have a pair of horns on your head.


Message History

a +0 club; a goblin corpse
Found 12 gold pieces.
Found a ring mail.
You now have 17 gold pieces (gained 12).
A hobgoblin comes into view. It is wielding a +0 club.
A hobgoblin is nearby!
The hobgoblin shouts!
The hobgoblin hits you but does no damage.
You hit the hobgoblin. The hobgoblin barely misses you.
You furiously retaliate!
You headbutt the hobgoblin.
You kill the hobgoblin!
No target in view!
No target in view!
No target in view!
No target in view!
A rat comes into view.
A rat is nearby!
A rat is nearby!
A rat is nearby!
You hit the rat.
You kill the rat!
No target in view!
No target in view!
No target in view!
No target in view!
No target in view!
No target in view!
A rat, a hobgoblin and a kobold come into view.
The kobold shouts!
The hobgoblin shouts!
You hear a shout!
A goblin comes into view. It is wielding a +0 club.
There are monsters nearby!
There are monsters nearby!
You hit the hobgoblin. Your headbutt misses the hobgoblin.
The hobgoblin hits you.
You hit the hobgoblin. The hobgoblin barely misses you.
You closely miss the hobgoblin. The rat bites you. The hobgoblin hits you.
* * * LOW HITPOINT WARNING * * *
The hobgoblin barely misses you. The kobold barely misses you.
The rat bites you.
* * * LOW HITPOINT WARNING * * *
You barely miss the rat. Your headbutt misses the rat. The rat bites you.
* * * LOW HITPOINT WARNING * * *
Unknown command.
You hit the rat but do no damage. The rat bites you but does no damage.
Unknown command.
You hit the rat.
You kill the rat!
A kobold comes into view. It is wielding a +0 dagger.
You hit the hobgoblin but do no damage. The hobgoblin hits you.
You die...

# # .# .# ###.####.##
#......... ####.# #.....
#....# #.##..
#.##.###.##.#
#@##....†##.#
#g####.#.##.# ####
#g####.#.##.###...
#......K................
#..............#.####...
#.....#.K#######)# #...
#.....#.#. #.# #...
.......###. #.######.
#.... . . .........


You could see a hobgoblin, a goblin and 2 kobolds.

Vanquished Creatures
  A giant cockroach (D:1)
  A goblin (D:1)
  A hobgoblin (D:1)
  2 rats (D:1)
5 creatures vanquished.

Notes
Turn   | Place    | Note
-------+----------+-------------------------------------------
     0 | D:1      | vurker the Minotaur Hunter began the quest for the Orb.
     0 | D:1      | Reached XP level 1. HP: 18/18 MP: 0/0
   109 | D:1      | Slain by a hobgoblin

Illustrated notes

Levels and vault maps discovered:
D:1:      lemuel_arrival_tunnels, layout_loops_ring

Action                   || total
-------------------------++-------
Melee: Short sword       ||    13
       Headbutt          ||     1
Armor: Leather armour    ||     3
Dodge: Dodged            ||     6

Table legend: (Time is in decaauts)
 A = Elapsed time spent in this place.
 B = Non-inter-level travel time spent in this place.
 C = Inter-level travel time spent in this place.
 D = Time resting spent in this place.
 E = Time spent auto-exploring this place.
 F = Levels seen in this place.
 G = Mean time per level.
                   A        B        C        D        E       F      G
               +--------+--------+--------+--------+--------+-----+--------+
         Total |    110 |    110 |      0 |      0 |     78 |   1 |  110.0 |
       Dungeon |    110 |    110 |      0 |      0 |     78 |   1 |  110.0 |
               +--------+--------+--------+--------+--------+-----+--------+

Top non-repeatable levels by time:
     D:1: 110 daAuts
